 Dungeon Crawl Stone Soup version 0.20.1-1-g8b1a95d (webtiles) character file.

2398 Linguinho the Thaumaturge (level 9, -7/45 HPs)
             Began as a Deep Elf Earth Elementalist on Oct 29, 2017.
             Was a Follower of Ashenzari.
             Mangled by a green ugly thing (8 damage)
             ... on level 7 of the Dungeon.
             The game lasted 00:31:55 (6854 turns).

Linguinho the Thaumaturge (DEEE)                    Turns: 6854, Time: 00:31:56

Health: -7/45      AC:  6    Str:  7    XL:     9   Next: 23%
Magic:  0/24       EV: 12    Int: 27    God:    Ashenzari [*.....]
Gold:   240        SH:  6    Dex: 15    Spells: 11/26 levels left

rFire    + . .     SeeInvis +   Q - +0 dagger (curse)
rCold    x . .     Gourm    .   P - +0 shield (curse)
rNeg     . . .     Faith    .   c - +0 robe (curse)
rPois    .         Spirit   +   L - +0 helmet
rElec    .         Reflect  .   N - +0 cloak
rCorr    .         Harm     .   B - +1 pair of gloves of Vaxzast {MR+ Int+3 SInv} (curse)
MR       +....                  E - +0 pair of boots
Stlth    +++.......             g - amulet of guardian spirit (curse)
Regen    0.2/turn               (no ring)
MPRegen  0.2/turn               J - ring of fire

@: lethally poisoned (-7 -> -63)
A: blurry vision 1, deformed body, strong 1, subdued magic 1
a: Curse Item, Scrying, Renounce Religion


You were on level 7 of the Dungeon.
You worshipped Ashenzari.
Ashenzari was aware of your devotion.
You were not hungry.

You visited 2 branches of the dungeon, and saw 8 of its levels.

You collected 240 gold pieces.

Inventory:

Hand Weapons
 k - a +0 short sword
 Q - a cursed +0 dagger (weapon)
Missiles
 b - 43 stones (quivered)
Armour
 c - a cursed +0 robe (worn)
 B - the cursed +1 pair of gloves of Vaxzast (worn) {MR+ Int+3 SInv}
   (You found it on level 4 of the Dungeon)

   It affects your intelligence (+3).
   It affects your resistance to hostile enchantments.
   It lets you see invisible.
   It has a curse placed upon it.
 E - a +0 pair of boots (worn)
 L - a +0 helmet (worn)
 N - a +0 cloak (worn)
 P - a cursed +0 shield (worn)
Jewellery
 g - a cursed amulet of guardian spirit (around neck)
 J - a ring of fire (right hand)
Wands
 j - a wand of polymorph (11/24)
 x - a wand of confusion (23/48)
 y - a wand of iceblast (6/15)
 K - a wand of polymorph (14/24)
 M - a wand of scattershot (3/9)
Scrolls
 f - 2 scrolls of random uselessness {unknown}
 h - 4 scrolls of enchant weapon {unknown}
 m - a scroll of noise
 n - 2 scrolls of fear {unknown}
 o - 3 scrolls of amnesia
 s - a scroll of remove curse
 u - 2 scrolls of fog
 w - 2 scrolls of teleportation
 A - a scroll of blinking
 C - a scroll of enchant armour
 G - a scroll of immolation {unknown}
 H - 2 scrolls of brand weapon {unknown}
 O - a scroll of magic mapping {unknown}
Potions
 a - 3 potions of lignification
 i - 2 potions of agility {unknown}
 l - 2 potions of berserk rage {unknown}
 p - a potion of degeneration {unknown}
 r - 3 potions of heal wounds
 t - a potion of magic {unknown}
 v - a potion of resistance {unknown}
 z - 4 potions of curing {unknown}
 D - a potion of might {unknown}
 I - a potion of brilliance {unknown}
Books
 e - a book of Geomancy

   Spells                             Type                      Level
   a - Sandblast                      Earth                        1
   b - Passwall                       Transmutation/Earth          2
   c - Stone Arrow                    Conjuration/Earth            3
   d - Petrify                        Transmutation/Earth          4
   e - Lee's Rapid Deconstruction     Earth                        5
Comestibles
 d - 2 bread rations
 q - 2 royal jellies
 F - a meat ration
 R - 2 fruits


   Skills:
 * Level 3.2 Short Blades
 * Level 5.1 Dodging
 * Level 5.9 Stealth
 * Level 9.1 Spellcasting
 * Level 3.6 Conjurations
 * Level 4.2 Transmutations
 * Level 7.5 Earth Magic
 * Level 0.2 Evocations


You had 11 spell levels left.
You knew the following spells:

 Your Spells              Type           Power        Failure   Level  Hunger
a - Sandblast             Erth           #####.       1%          1    None
b - Passwall              Tmut/Erth      ####......   3%          2    None
c - Stone Arrow           Conj/Erth      ####..       8%          3    None
d - Petrify               Tmut/Erth      ####....     24%         4    #......
e - Lee's Rapid Deconstr  Erth           #####.....   34%         5    ####...


Dungeon Overview and Level Annotations

Branches:
Dungeon (7/15)             Temple (1/1) D:6

Altars:
Ashenzari
Cheibriados
Dithmenos
Elyvilon
Fedhas
Hepliaklqana
Kikubaaqudgha
Makhleb
Nemelex Xobeh
Okawaru
Qazlal
Ru
Sif Muna
Trog
Uskayaw
Vehumet
Xom
Yredelemnul
The Shining One
Lugonu

Shops:
D:4 }


Innate Abilities, Weirdness & Mutations

Scrolls take you a little longer to read.
Armour fits poorly on your strangely shaped body.
Your muscles are strong. (Str +2)
Your spells are a little easier to cast, but a little less powerful.


Message History

[Y]es or [N]o only, please.
Really read with blurry vision while enemies are nearby? [Y]es or [N]o only, please.
Really read with blurry vision while enemies are nearby? [Y]es or [N]o only, please.
Really read with blurry vision while enemies are nearby? [Y]es or [N]o only, please.
Really read with blurry vision while enemies are nearby?
Okay, then.
Okay, then.
Really read with blurry vision while enemies are nearby?
* * * LOW HITPOINT WARNING * * *
You feel very sick. The small abomination hits you!
* * * LOW HITPOINT WARNING * * *
You begin reading the scroll.
You continue reading the scroll.
* * * LOW HITPOINT WARNING * * *
You feel very sick. The green ugly thing punches you!
You die...

......#...## .......#
#+###.###..#####x$!).###
#......©.###.$x|.###
####$..#####.$[:.##
#..#####.......#
#..###....###...#
#..##..xu## # #..##.uxx#
#.. ##.@## ####


You could see 2 ugly things and 5 small abominations.

Vanquished Creatures
  The ghost of letownia2 the Grave Robber, a novice DDNe (D:6)
  Menkaure (D:6)
  A sky beast (D:5)
  An ice beast (D:5)
  A phantom (D:4)
  A centaur (D:6)
  5 ogres
  A bullfrog (D:6)
  A small abomination (D:7)
  A scorpion (D:5)
  5 wights (D:6)
  2 crimson imps
  A centaur zombie (D:5)
  2 hounds (D:4)
  A quasit (D:6)
  Crazy Yiuf (D:5)
  An orc priest (D:4)
  5 orc wizards (D:4)
  Ijyb (D:3)
  5 worker ants
  9 gnolls
  10 adders
  2 shadow imps (D:5)
  2 oozes
  2 worms (D:4)
  4 dart slugs
  4 leopard geckos
  20 orcs
  2 ball pythons
  3 bats (D:3)
  6 giant cockroaches
  4 goblins
  4 hobgoblins
  A quokka (D:4)
  5 frilled lizards
  5 kobolds
  A leopard gecko zombie (D:5)
  3 rats
125 creatures vanquished.

Notes
Turn   | Place    | Note
-------+----------+-------------------------------------------
     0 | D:1      | Linguinho the Deep Elf Earth Elementalist began the quest for the Orb.
     0 | D:1      | Reached XP level 1. HP: 10/10 MP: 6/6
   430 | D:1      | Reached XP level 2. HP: 15/15 MP: 5/8
   434 | D:1      | Learned a level 2 spell: Passwall
   759 | D:1      | Reached XP level 3. HP: 19/19 MP: 7/9
   777 | D:1      | Learned a level 3 spell: Stone Arrow
   952 | D:2      | Reached skill level 4 in Spellcasting
   952 | D:2      | Reached XP level 4. HP: 24/24 MP: 2/12
  1088 | D:2      | Found an ancient bone altar of Kikubaaqudgha.
  1383 | D:3      | Reached skill level 1 in Short Blades
  1386 | D:3      | Reached XP level 5. HP: 28/28 MP: 1/13
  1638 | D:3      | Noticed Ijyb
  1652 | D:3      | Killed Ijyb
  2338 | D:3      | Reached skill level 5 in Spellcasting
  2396 | D:4      | Noticed an ogre
  2400 | D:4      | Killed an ogre
  2400 | D:4      | Reached skill level 5 in Earth Magic
  2400 | D:4      | Reached XP level 6. HP: 7/32 MP: 8/15
  2637 | D:4      | Reached skill level 1 in Conjurations
  3228 | D:4      | Got a pair of blackened gloves
  3282 | D:4      | Identified the +1 pair of gloves of Vaxzast {MR+ Int+3 SInv} (You found it on level 4 of the Dungeon)
  3330 | D:4      | Reached skill level 6 in Spellcasting
  3330 | D:4      | Reached XP level 7. HP: 36/36 MP: 7/18
  3788 | D:4      | Found Uden Ycs's Gadget Emporium.
  4078 | D:5      | Entered Level 5 of the Dungeon
  4336 | D:5      | Reached skill level 7 in Spellcasting
  4340 | D:5      | Gained mutation: Your spells are a little easier to cast, but a little less powerful. [mutagenic meat]
  4341 | D:5      | Gained mutation: Your muscles are strong. (Str +2) [mutagenic meat]
  4343 | D:5      | Gained mutation: Armour fits poorly on your strangely shaped body. [mutagenic meat]
  4344 | D:5      | Gained mutation: Scrolls take you a little longer to read. [mutagenic meat]
  4468 | D:5      | Reached XP level 8. HP: 41/41 MP: 6/20
  4639 | D:5      | Found a runed door.
  4666 | D:5      | Noticed Crazy Yiuf
  4668 | D:5      | Killed Crazy Yiuf
  4686 | D:5      | Learned a level 4 spell: Petrify
  4692 | D:5      | Learned a level 5 spell: Lee's Rapid Deconstruction
  5034 | D:6      | Reached skill level 8 in Spellcasting
  5038 | D:6      | Reached skill level 5 in Stealth
  5171 | D:6      | Noticed Menkaure
  5189 | D:6      | Killed Menkaure
  5406 | D:6      | Found a staircase to the Ecumenical Temple.
  5414 | Temple   | Entered the Ecumenical Temple
  5484 | Temple   | Became a worshipper of Ashenzari the Shackled
  5582 | D:6      | Noticed letownia2's ghost (novice DDNe)
  5614 | D:6      | Killed letownia2's ghost
  5614 | D:6      | Reached skill level 5 in Dodging
  5614 | D:6      | Reached XP level 9. HP: 45/45 MP: 13/23
  5739 | D:6      | Reached skill level 9 in Spellcasting
  5858 | D:6      | Found a basalt altar of Yredelemnul.
  5863 | D:6      | Found a glowing golden altar of the Shining One.
  5865 | D:6      | Noticed an angel
  6831 | D:7      | Found a transporter.
  6835 | D:7      | Reached * piety under Ashenzari
  6836 | D:7      | Found a corrupted altar of Lugonu.
  6838 | D:7      | Identified the +5 great sword "Warch" {drain, +Inv}
  6840 | D:7      | Noticed a green ugly thing
  6847 | D:7      | Noticed a purple ugly thing
  6854 | D:7      | HP: 1/45 [poisoned by a green ugly thing]
  6854 | D:7      | Mangled by a green ugly thing

Skill      XL: |  1  2  3  4  5  6  7  8  9 |
---------------+----------------------------+-----
Earth Magic    | 4 5 6 7 |  7.5
Spellcasting   | 4 5 6 7 8 9 |  9.1
Dodging        | 3 4 5 |  5.1
Stealth        | 3 4 5 |  5.9
Short Blades   | 1 2 3 |  3.2
Transmutations | 2 3 4 |  4.2
Conjurations   | 1 2 3 |  3.6
Evocations     | |  0.2

Action                   |  1- 3 |  4- 6 |  7- 9 || total
-------------------------+-------+-------+-------++-------
Melee: Short sword       |    10 |    42 |    26 ||    78
       Dagger            |       |       |     5 ||     5
 Cast: Sandblast         |    26 |    54 |    40 ||   120
       Stone Arrow       |     1 |    28 |    64 ||    93
Invok: Curse Item        |       |       |     4 ||     4
  Use: Scroll            |       |     5 |     4 ||     9
 Stab: Sleeping          |     2 |     7 |     7 ||    16
  Eat: Chunk             |       |     5 |     9 ||    14
       Bread ration      |       |     1 |     1 ||     2
       Fruit             |       |       |     1 ||     1
Armor: Robe              |       |    13 |    13 ||    26
Dodge: Dodged            |     9 |    41 |    39 ||    89
Block: Shield            |       |       |     3 ||     3
